 Dungeon Crawl Stone Soup version 0.18.1-5-g4a78601 (webtiles) character file.

3434 inmateoo the Cruncher (level 9, -1/68 HPs)
             Began as a Mummy Gladiator on May 9, 2016.
             Was a Priest of Okawaru.
             Slain by a killer bee (4 damage)
             ... on level 8 of the Dungeon.
             The game lasted 00:10:15 (6765 turns).

inmateoo the Cruncher (Mummy Gladiator)             Turns: 6765, Time: 00:10:15

Health: -1/68      AC: 14    Str: 21    XL:     9   Next: 77%
Magic:  0/21       EV: 11    Int:  7    God:    Okawaru [***...]
Gold:   467        SH:  0    Dex: 13    Spells: 0 memorised, 8 levels left

rFire  + . .     SeeInvis .     w - +9 whip "Sedwaes" {freeze, rF+}
rCold  + . .     Gourm    .     e - +0 chain mail
rNeg   + + +     Faith    .     (no shield)
rPois  ∞         Spirit   +     c - +2 helmet
rElec  .         Dismiss  .     o - +0 cloak
rCorr  .         Reflect  .     (no gloves)
SustAt .         Harm     .     (no boots)
MR     +....                    u - amulet of guardian spirit
Stlth  ..........               a - ring "Fooh" {rF+ MP+9}
                                q - +2 ring of evasion

@: somewhat resistant to hostile enchantments, extremely unstealthy
A: no food or potions, fire vulnerability, cold resistance 1, negative energy
resistance 3, torment resistance, unbreathing
a: Heroism, Renounce Religion


You were on level 8 of the Dungeon.
You worshipped Okawaru.
Okawaru was most pleased with you.
You were not hungry.

You visited 1 branch of the dungeon, and saw 9 of its levels.
You also visited: Sewer.

You collected 467 gold pieces.

Inventory:

Hand Weapons
 k - a +0 blowgun
 n - a +4 quarterstaff of chaos
 s - a +3 quarterstaff
 w - the +9 whip "Sedwaes" (weapon) {freeze, rF+}
   (You found it on level 8 of the Dungeon)

   It has been specially enchanted to freeze those struck by it, causing extra
   injury to most foes and up to half again as much damage against particularly
   susceptible opponents.
   It can also slow down cold-blooded creatures.
   It protects you from fire.
Missiles
 d - 4 throwing nets (quivered)
 l - 10 poisoned needles
Armour
 c - a +2 helmet (worn)
 e - a +0 chain mail (worn)
 o - a +0 cloak (worn)
 t - a troll hide {Purgy}
Jewellery
 a - the ring "Fooh" (right hand) {rF+ MP+9}
   (You found it on level 6 of the Dungeon)

   [ring of protection from fire]

   It protects you from fire.
   It affects your magic capacity (+9).
 q - a +2 ring of evasion (left hand)
 u - an amulet of guardian spirit (around neck)
Wands
 i - a wand of lightning (4/15)
 m - a wand of flame (17/48)
 p - a wand of random effects (21/48)
 v - a wand of polymorph (8/24)
Scrolls
 b - 15 scrolls of identify
 f - 3 scrolls of fear
 g - 3 scrolls of remove curse
 h - a scroll of enchant armour
 j - 5 scrolls of teleportation
 x - a scroll of magic mapping
 y - 2 scrolls of recharging
Books
 r - a book of Beasts

   Spells                             Type                      Level
   a - Summon Butterflies             Summoning                    1
   b - Call Canine Familiar           Summoning                    3
   c - Summon Ice Beast               Ice/Summoning                4
   d - Summon Mana Viper              Hexes/Summoning              5
   e - Summon Hydra                   Summoning                    7
 z - a book of Alchemy

   Spells                             Type                      Level
   a - Sublimation of Blood           Necromancy                   2
   b - Ignite Poison                  Fire/Transmutation/Poison    3
   c - Petrify                        Transmutation/Earth          4
   d - Alistair's Intoxication        Transmutation/Poison         5
   e - Irradiate                      Conjuration/Transmutation    5


   Skills:
 + Level 5.3 Fighting
 * Level 2.0(5.7) Maces & Flails
 - Level 8.5(8.6) Staves
 - Level 1.5 Throwing
 + Level 5.5 Armour
 - Level 2.4 Dodging
 + Level 4.2 Invocations


You had 8 spell levels left.
You didn't know any spells.

Dungeon Overview and Level Annotations

Branches:
Dungeon (9/15)             Temple (0/1) D:5
   Lair: D:8-11         Orc: D:9-12

Altars:
Fedhas
Nemelex Xobeh
Okawaru
Vehumet
Xom
Yredelemnul
The Shining One

Shops:
D:7 ([=(


Innate Abilities, Weirdness & Mutations

You do not eat or drink.
Your flesh is vulnerable to fire.
You are immune to poison.
Your flesh is cold resistant.
You are immune to negative energy.
You are immune to unholy pain and torment.
You can survive without breathing.


Message History

Unknown command.
Evoke which item? (* to show all) (? for menu, Esc to quit)
Okay, then.
Read which item? (? for menu, Esc to quit)
As you read the scroll of fear, it crumbles to dust.
You assume a fearsome visage.
The killer bee looks frightened! x3
The killer bee stings you.
* * * LOW HITPOINT WARNING * * *
The killer bee closely misses you. The killer bee stings you.
* * * LOW HITPOINT WARNING * * *
Unknown command.
Unknown command.
Unknown command.
Read which item? (? for menu, Esc to quit)
As you read the scroll labeled YSAT OM TUBAUFEA, it crumbles to dust.
It is a scroll of recharging.
Charge which item? (? for menu, Esc to quit)
Your wand of lightning {empty} glows for a moment.
The killer bee stings you.
You die...

######### #........
##.#######
#################...^.....
#......y......>.%..#######
##.#####!.########.## #
#.....y..y@# #.# #
#..###.###.### #.# # #..#
#.# #...# #.# # #..#
#.###y#.#####.# # ####..#
#.....#.......# # #.....#
############### # ##.##.##
# ###.#.#.####### #
...###........# #


You could see 4 killer bees.

Vanquished Creatures
  Grinder (D:6)
  A troll (D:8)
  Sigmund (D:6)
  A human (D:7)
  A water moccasin (D:6)
  Duvessa (D:7)
  Purgy (Sewer)
  2 ogres
  2 centaurs
  A crocodile (D:8)
  5 giant frogs
  A water moccasin zombie (D:9)
  Dowan (D:7)
  3 scorpions
  6 killer bees
  The ghost of Shenda the Ruffian, a weakling DrTm (D:3)
  5 howler monkeys
  2 crimson imps (D:8)
  A giant frog zombie (D:8)
  4 hounds
  2 orc priests
  2 jellies
  A centaur skeleton (D:8)
  A centaur zombie (D:7)
  2 giant frog skeletons (D:5)
  Crazy Yiuf (D:2)
  An iguana (D:4)
  An orc wizard (D:8)
  5 worker ants
  4 sheep (D:7)
  A hound skeleton (D:7)
  9 adders
  A gnoll (D:3)
  4 oozes
  An adder zombie (D:6)
  An adder skeleton (D:7)
  3 worms (D:2)
  3 dart slugs
  3 giant geckos
  17 orcs
  3 ball pythons
  6 giant cockroaches
  6 goblins
  3 hobgoblins
  17 jackals
  11 kobolds
  8 quokkas
  A ball python skeleton (D:4)
  5 bats
  A giant gecko zombie (D:8)
  5 giant newts
  8 rats
  A fungus (D:2)
179 creatures vanquished.

Notes
Turn   | Place    | Note
--------------------------------------------------------------
     0 | D:1      | inmateoo the Mummy Gladiator began the quest for the Orb.
     0 | D:1      | Reached XP level 1. HP: 16/16 MP: 1/1
    33 | D:1      | Reached XP level 2. HP: 22/22 MP: 2/2
    57 | D:1      | Reached skill level 3 in Staves
   550 | D:2      | Reached XP level 3. HP: 26/27 MP: 3/3
   953 | D:2      | Reached skill level 1 in Armour
  1106 | D:2      | Reached XP level 4. HP: 33/33 MP: 4/4
  1286 | D:3      | Reached skill level 4 in Staves
  1393 | D:2      | Noticed Crazy Yiuf
  1406 | D:2      | Killed Crazy Yiuf
  1728 | D:3      | Reached XP level 5. HP: 36/38 MP: 5/5
  1907 | D:3      | Noticed Shenda's ghost (weakling DrTm)
  1915 | D:3      | Killed Shenda's ghost
  2179 | D:4      | Noticed an ogre
  2185 | D:4      | Killed an ogre
  2185 | D:4      | Reached skill level 5 in Staves
  2185 | D:4      | Reached XP level 6. HP: 30/44 MP: 6/6
  2340 | D:4      | Found a glowing golden altar of the Shining One.
  2343 | D:4      | Found a sparkling altar of Nemelex Xobeh.
  2343 | D:4      | Found a basalt altar of Yredelemnul.
  2349 | D:4      | Found a shimmering altar of Xom.
  2564 | D:4      | Found a radiant altar of Vehumet.
  2876 | D:4      | Found an iron altar of Okawaru.
  2882 | D:4      | Got a spiked ring mail
  2894 | D:4      | Became a worshipper of Warmaster Okawaru
  2906 | D:4      | Identified the cursed +0 ring mail "Lotino" {Str-2 Int+5 Dex+7} (You found it on level 4 of the Dungeon)
  3142 | D:5      | Entered Level 5 of the Dungeon
  3241 | D:6      | Reached XP level 7. HP: 39/50 MP: 7/7
  3370 | D:5      | Reached skill level 6 in Staves
  3432 | D:5      | Found a glowing drain.
  3451 | Sewer    | Entered a sewer
  3485 | Sewer    | Noticed Purgy
  3492 | Sewer    | Killed Purgy
  3492 | Sewer    | Reached * piety under Okawaru
  3780 | D:5      | Found a staircase to the Ecumenical Temple.
  4135 | D:6      | Noticed Sigmund
  4143 | D:6      | Killed Sigmund
  4143 | D:6      | Reached skill level 1 in Invocations
  4143 | D:6      | Reached XP level 8. HP: 40/57 MP: 8/8
  4258 | D:6      | Got a faintly glowing silver ring
  4259 | D:6      | Identified the ring "Fooh" {rF+ MP+9} (You found it on level 6 of the Dungeon)
  4272 | D:6      | Noticed Grinder
  4283 | D:6      | Killed Grinder
  4283 | D:6      | Reached ** piety under Okawaru
  4283 | D:6      | Reached skill level 7 in Staves
  4745 | D:7      | Found Calimnio's Jewellery Boutique.
  4773 | D:7      | Found Behasod's Weapon Boutique.
  4981 | D:7      | Noticed Duvessa
  4986 | D:7      | Reached XP level 9. HP: 61/65 MP: 11/11
  4992 | D:7      | Noticed Dowan
  5005 | D:7      | Killed Duvessa
  5005 | D:7      | Reached *** piety under Okawaru
  5005 | D:7      | Reached skill level 8 in Staves
  5016 | D:7      | Killed Dowan
  5036 | D:7      | Found Xewnamor's Weapon Shop.
  5428 | D:7      | Found Kydwyora's Antique Armour Shop.
  5487 | D:7      | Reached skill level 5 in Armour
  5631 | D:8      | Noticed a troll
  5874 | D:8      | Killed a troll
  6119 | D:8      | Got an encrusted whip
  6120 | D:8      | Identified the +9 whip "Sedwaes" {freeze, rF+} (You found it on level 8 of the Dungeon)
  6207 | D:8      | Reached skill level 5 in Fighting
  6217 | D:8      | Reached skill level 1 in Maces & Flails
  6680 | D:9      | Found a blossoming altar of Fedhas.
  6746 | D:9      | Noticed a queen bee
  6764 | D:8      | HP: 3/68 [killer bee (1)]
  6765 | D:8      | Slain by a killer bee

Skill      XL: |  1  2  3  4  5  6  7  8  9 |
---------------+----------------------------+-----
Staves         | 3 4 5 6 7 8 |  8.5
Armour         | 1 2 3 4 5 |  5.5
Invocations    | 1 3 4 |  4.2
Fighting       | 4 5 |  5.3
Maces & Flails | 2 |  2.0
Throwing       | |  1.5
Dodging        | |  2.4

Action                   |  1- 3 |  4- 6 |  7- 9 || total
-------------------------+-------+-------+-------++-------
Melee: Quarterstaff      |   116 |   158 |   291 ||   565
       Whip              |       |       |    66 ||    66
 Fire: Blowgun           |       |     4 |       ||     4
Throw: Throwing net      |       |       |     1 ||     1
Invok: Heroism           |       |       |     1 ||     1
Evoke: Wand              |       |     2 |     5 ||     7
  Use: Scroll            |     4 |     4 |     7 ||    15
 Stab: Paralysed         |       |     2 |       ||     2
       Held in net/web   |       |       |     1 ||     1
Armor: Leather armour    |     2 |       |       ||     2
       Chain mail        |    71 |    95 |   211 ||   377
Dodge: Dodged            |    45 |    75 |   220 ||   340
